 Dungeon Crawl Stone Soup version 0.14-a0-3167-gc8df72d (webtiles) character file.

443 Quh the Ruinous (level 6, -10/32 HPs)
             Began as a Deep Elf Conjurer on Mar 10, 2014.
             Mangled by an ice beast (13 damage)
             ... on Level 5 of the Dungeon.
             The game lasted 00:17:59 (3085 turns).

Quh the Ruinous (Deep Elf Conjurer)                 Turns: 3085, Time: 00:18:00

HP -10/32        AC  3     Str  7      XL: 6   Next:  1%
MP  26/27        EV 13     Int 20      God:
Gold 174         SH  0     Dex 15      Spells:  3 memorised,  3 levels left

rFire  . . .     SeeInvis .     s - plain deck of defence
rCold  . . .     Clarity  .     a - +0 robe
rNeg   . . .     Conserve .     (no shield)
rPois  .         rCorr    .     (no helmet)
rElec  .         rRot     .     (no cloak)
SustAb . .       Spirit   .     (no gloves)
rMut   .         Warding  .     d - +0 pair of boots
Saprov . . .     Stasis   .     w - amulet of inaccuracy {unknown}
MR     .....                    (no ring)
                                e - ring of magical power

@: not resistant to hostile enchantments, fairly stealthy
A: no striking features
a: no special abilities


You were on level 5 of the Dungeon.
You were not hungry.

You visited 1 branch of the dungeon, and saw 5 of its levels.

You collected 174 gold pieces.

Inventory:

Armour
 a - a +0 robe (worn)
 d - a +0 pair of boots (worn)
 t - a +0 pair of boots
Magical devices
 j - a wand of cold (7) {unknown}
 r - a wand of confusion (15) {unknown}
 z - a wand of teleportation (4) {unknown}
Comestibles
 b - 2 bread rations
 g - 2 apples
 h - a cheese
 k - 3 meat rations
Scrolls
 n - 3 scrolls of remove curse
 u - a scroll of enchant weapon II {unknown}
 x - a scroll of random uselessness {unknown}
 y - a scroll of identify {unknown}
 A - a scroll of blinking {unknown}
Jewellery
 e - a ring of magical power (left hand)
 q - an uncursed ring of teleportation
 w - an amulet of inaccuracy (around neck) {unknown}
Potions
 f - a potion of degeneration {unknown}
 l - a potion of paralysis {unknown}
 o - a potion of poison {unknown}
 p - a potion of flight {unknown}
 v - a potion of curing {unknown}
Books
 c - a book of Conjurations

   Spells                             Type                      Level
   *Magic Dart                        Conjuration                  1
   *Searing Ray                       Conjuration                  2
   Dazzling Spray                     Conjuration/Hexes            3
   Fulminant Prism                    Conjuration/Hexes            4
   Iskenderun's Mystic Blast          Conjuration                  4
   *Iskenderun's Battlesphere         Conjuration/Charms           5
Miscellaneous
 s - a plain deck of defence (in hand)


   Skills:
 - Level 2.5 Dodging
 - Level 2.5 Stealth
 - Level 3.1 Spellcasting
 * Level 7.3 Conjurations
 * Level 3.3 Charms


You had 3 spell levels left.
You knew the following spells:

 Your Spells              Type           Power        Failure   Level  Hunger
a - Magic Dart            Conj           ####         1%          1    None
b - Searing Ray           Conj           ####..       1%          2    ##.....
c - Iskenderun's Battles  Conj/Chrm      ###.....     45%         5    #####..


Dungeon Overview and Level Annotations

Branches:
Dungeon (5/16)
 Temple: D:4-7

Altars:
Dithmenos
Nemelex Xobeh


Message History

The ice beast hits you. The ice beast freezes you!
Your slimy black potion freezes and shatters!
One of your 2 inky potions freezes and shatters!
Casting: Searing Ray
Confirm with . or Enter, or press ? or * to list all spells.
Aiming: Searing Ray
Press: ? - help, Shift-Dir - straight line, f/p - ice beast
Aim: an ice beast (heavily wounded)
The searing ray hits the ice beast.
The ice beast is heavily wounded.
The ice beast hits you. The ice beast freezes you.
Your silvery potion freezes and shatters!
* * * LOW HITPOINT WARNING * * *
The quokka twitches its whiskers.
You see here a leather armour.
There is a stone staircase leading up here.
The ice beast hits you.
* * * LOW HITPOINT WARNING * * *
The ice beast freezes you!
You die...

##...## #.....###########
#.........r.r...#########
######..#..#########.........#
#.r....###.# #r.######.#
#.#####.#.## #..# #.# ##.##
#######..###### #r# ###
#.Ir.r.......... #r#
#@##.##.####### ##.##
#.##.##.# ##...#########
#.##.##.# .(.#.........#
#.##.#..# ......#.####.#
#.##.#.## ..#.#.#.# #.##.#.
...r#.#.# #.##.#. ...##.#.#
...... ... ..#.# #.....


You could see an ice beast, a quokka and a rat.

Vanquished Creatures
  2 orc priests (D:4)
  A hound (D:4)
  A worker ant (D:5)
  5 adders
  A giant mite (D:2)
  A worm (D:3)
  A giant eyeball (D:4)
  3 giant geckos
  11 orcs
  7 bats
  A bat skeleton (D:4)
  6 giant cockroaches
  11 goblins
  9 hobgoblins
  An ooze (D:2)
  3 quokkas (D:3)
  5 giant newts
  12 kobolds
  8 rats
89 creatures vanquished.

Notes
Turn   | Place    | Note
--------------------------------------------------------------
     0 | D:1      | Quh, the Deep Elf Conjurer, began the quest for the Orb.
     0 | D:1      | Reached XP level 1. HP: 10/10 MP: 5/5
     0 | D:1      | Noticed a giant goldfish
   287 | D:1      | Reached XP level 2. HP: 15/15 MP: 4/8
   526 | D:1      | Reached skill level 5 in Conjurations
   716 | D:2      | Reached XP level 3. HP: 19/19 MP: 6/11
  1271 | D:3      | Reached skill level 6 in Conjurations
  1306 | D:3      | Reached XP level 4. HP: 24/24 MP: 13/13
  1528 | D:3      | Found a sparkling altar of Nemelex Xobeh.
  1835 | D:3      | Learned a level 2 spell: Searing Ray
  2083 | D:4      | Reached XP level 5. HP: 25/28 MP: 16/16
  2099 | D:4      | Learned a level 5 spell: Iskenderun's Battlesphere
  2166 | D:4      | Reached skill level 1 in Charms
  2189 | D:4      | Found a shadowy altar of Dithmenos.
  2238 | D:4      | Reached skill level 7 in Conjurations
  2877 | D:5      | Entered Level 5 of the Dungeon
  2921 | D:5      | Reached XP level 6. HP: 27/32 MP: 17/18
  3042 | D:5      | Noticed an ice beast
  3085 | D:5      | Mangled by an ice beast

Action                   |  1- 3 |  4- 6 || total
-------------------------+-------+-------++-------
 Cast: Magic Dart        |    82 |    86 ||   168
       Searing Ray       |       |    29 ||    29
  Use: Scroll            |     4 |     1 ||     5
